 Dungeon Crawl Stone Soup version 0.31-a0-523-g071a6c1ffa (webtiles) character file.

Game seed: 17690270565486347096

429 horus123 the Digger (level 6, -4/32 HPs)
             Began as a Deep Elf Earth Elementalist on Aug 12, 2023.
             Slain by Eustachio
             ... wielding a +0 falchion
              (6 damage)
             ... on level 4 of the Dungeon.
             The game lasted 00:05:18 (3218 turns).

horus123 the Digger (Deep Elf Earth Elementalist)   Turns: 3218, Time: 00:05:19

Health: -4/32      AC:  4    Str:  8    XL:     6   Next: 66%
Magic:  5/15       EV: 12    Int: 22    God:
Gold:   225        SH:  0    Dex: 15    Spells: 7/15 levels left

rFire   + . .        k - +4 rapier of the Heart {flame, rPois Str+3}
rCold   . . .        (no shield)
rNeg    . . .        a - +0 robe
rPois   +            m - +0 helmet
rElec   .            o - +0 cloak
rCorr   .            (no gloves)
SInv    .            (no boots)
Will    .....        (no amulet)
Stlth   ++           l - ring of protection from fire
HPRegen 0.25/turn    (no ring)
MPRegen 0.14/turn

%: no passive effects
@: no status effects
A: no striking features
a: no special abilities


You were on level 4 of the Dungeon.
You visited 1 branch of the dungeon, and saw 4 of its levels.

You collected 225 gold pieces.

Inventory:

Hand Weapons
 k - the +4 rapier of the Heart (weapon) {flame, rPois Str+3}
   (You took it off a hobgoblin on level 2 of the Dungeon)

   Str+3:     It affects your strength (+3).
   rPois:     It protects you from poison
Armour
 a - a +0 robe (worn)
 m - a +0 helmet (worn)
 o - a +0 cloak (worn)
Magical Staves
 q - a staff of earth
Jewellery
 l - a ring of protection from fire (left hand)
Scrolls
 c - a scroll of enchant weapon {unknown}
 e - a scroll of immolation {unknown}
 f - 2 scrolls of blinking {unknown}
 g - 2 scrolls of fear {unknown}
 h - a scroll of enchant armour {unknown}
 j - a scroll of teleportation {unknown}
 n - a scroll of butterflies {unknown}
 p - a scroll of amnesia {unknown}
Potions
 b - a potion of magic
 d - 2 potions of curing {unknown}
 i - a potion of degeneration {unknown}


   Skills:
 - Level 2.4 Dodging
 - Level 2.4 Stealth
 - Level 5.0 Spellcasting
 + Level 3.2 Hexes
 - Level 1.1 Transmutations
 - Level 7.0 Earth Magic


You had 7 spell levels left.
You knew the following spells:

 Your Spells              Type           Power      Damage    Failure   Level
a - Sandblast             Erth           72%        2d16      1%          1
b - Stone Arrow           Conj/Erth      40%        3d9       7%          3
c - Anguish               Hex/Necr       6%         N/A       45%         4

Your spell library contained the following spells:

 Spells                   Type           Power      Damage    Failure   Level
 Passwall                 Tmut/Erth      19%        N/A       3%          2
 Ensorcelled Hibernation  Hex/Ice        24%        N/A       8%          2
 Apportation              Tloc           10%        N/A       10%         1
 Blink                    Tloc           10%        N/A       16%         2
 Petrify                  Tmut/Erth      23%        N/A       19%         4
 Frozen Ramparts          Ice            10%        1d2       30%         3
 Manifold Assault         Tloc           5%         N/A       69%         4
 Metabolic Englaciation   Hex/Ice        6%         N/A       82%         5
 Alistair's Intoxication  Tmut/Pois      5%         N/A       92%         5


Dungeon Overview and Level Annotations

Branches:
Dungeon (4/15)
 Temple: D:4-7

Altars:
Nemelex Xobeh
Trog

Annotations:
D:4 Eustachio


Message History

Eustachio casts a spell.
The ufetubus hits you but does no damage.
The ufetubus completely misses you.
The blast of sand hits the ufetubus!
You kill the ufetubus!
The ufetubus disappears in a puff of smoke!
Eustachio mumbles some strange words.
Eustachio blinks!
The blast of sand misses the river rat.
The blast of sand misses the crimson imp.
The river rat bites you.
The crimson imp blinks!
The river rat bites you!
Unknown command.
An orc wizard comes into view. It is wielding a +0 dagger.
You closely miss the river rat.
Eustachio says, "My allies will avenge me."
The river rat bites you.
Okay, then.
The orc wizard mumbles some strange words.
The orc wizard flickers and vanishes!
Deactivating autopickup; reactivate with Ctrl-A.
The crimson imp blinks! x2
The river rat attacks as you move away! The river rat misses you.
The river rat attacks as you move away! The river rat bites you.
Eustachio gestures wildly while chanting.
Eustachio blinks!
You puncture the river rat! You burn the river rat.
The river rat is almost dead.
Eustachio hits you with a +0 falchion!
* * * LOW HITPOINT WARNING * * *
The river rat bites you.
* * * LOW HITPOINT WARNING * * *
Casting: Sandblast (safe; 1% risk of failure)
Confirm with . or Enter, or press ? or * to list all spells.
Aiming: Stone Arrow (quite dangerous; 7% risk of failure)
Press: ? - help, Shift-Dir - straight line, f - Eustachio, p - river rat
Aim: Eustachio, wielding a +0 falchion and wearing a +2 leather armour of fire resistance (heavily wounded, 60% to hit)
The stone arrow hits Eustachio!
Eustachio is almost dead.
Eustachio hits you with a +0 falchion.
You die...

##...########.#
#.... ##### #.#
#.### #.# #.#
#.# #.# #.# #.#
#.# #.#
########.# #.#
#######@.....#.#
#.#
#.r..r@.####.#.#
#.#######.....>#
#.# #.##.### #.#
#.##(# #@#
#.##.#
###########r#
#.##.#
....{5r@ยง...#
#.##.#
....#..######
#.##.# ## #.
......


You could see Eustachio, a river rat (summoned) and a rat (summoned).

Vanquished Creatures
  Sigmund (D:2)
  2 orc priests (D:3)
  Natasha (thrice) (D:2)
  6 adders
  3 worms
  A dart slug (D:1)
  7 orcs
  8 endoplasms
  2 giant cockroaches
  4 goblins
  11 hobgoblins
  A kobold (D:3)
  4 quokkas
  8 ball pythons
  6 bats
  7 frilled lizards
  4 rats
78 creatures vanquished.

Notes
Turn   | Place    | Note
-------+----------+-------------------------------------------
     0 | D:1      | horus123 the Deep Elf Earth Elementalist began the quest
                  | for the Orb.
     0 | D:1      | Reached XP level 1. HP: 10/10 MP: 6/6
   125 | D:1      | Reached XP level 2. HP: 15/15 MP: 5/9
   780 | D:1      | Reached XP level 3. HP: 19/19 MP: 9/11
   784 | D:1      | Learned a level 3 spell: Stone Arrow
   803 | D:1      | Found a faded altar of an unknown god.
   817 | D:1      | Reached skill level 5 in Spellcasting
  1179 | D:2      | Noticed Sigmund
  1185 | D:2      | Killed Sigmund
  1186 | D:2      | Reached skill level 5 in Earth Magic
  1186 | D:2      | Reached XP level 4. HP: 24/24 MP: 8/13
  1186 | D:2      | Reached XP level 5. HP: 28/28 MP: 8/14
  1260 | D:2      | Noticed Natasha
  1262 | D:2      | Killed Natasha
  1263 | D:2      | Reached skill level 6 in Earth Magic
  1315 | D:2      | Noticed Natasha
  1319 | D:2      | Killed Natasha
  1324 | D:2      | Noticed Natasha
  1330 | D:2      | Killed Natasha
  1331 | D:2      | Reached XP level 6. HP: 32/32 MP: 10/15
  1385 | D:2      | Found a bloodstained altar of Trog.
  1589 | D:2      | Identified the +4 rapier of the Heart {flame, rPois Str+3}
  1623 | D:2      | Reached skill level 7 in Earth Magic
  1629 | D:2      | Learned a level 4 spell: Anguish
  2031 | D:3      | Reached skill level 1 in Hexes
  3111 | D:4      | Found a sparkling altar of Nemelex Xobeh.
  3188 | D:4      | Noticed Eustachio
  3217 | D:4      | HP: 1/32 [river rat[Eustachio] (1)]
  3218 | D:4      | Slain by Eustachio

Illustrated notes

Levels and vault maps discovered:
D:1:      lightli_arrival_farm, layout_basic, basic_ecumenical_altar, hex_tiny,
          minmay_tall_x
D:2:      layout_basic, basic_altar, minmay_ruptured, uniq_natasha, uniq_sigmund
D:3:      layout_basic
D:4:      layout_loops_ring, kennysheep_mini_moat, serial_shops, shop,
          lightli_sewer_entry_pipes, uniq_eustachio

Skill      XL: |  1  2  3  4  5  6 |
---------------+-------------------+-----
Spellcasting   | 4 5 |  5.0
Earth Magic    | 5 6 7 |  7.0
Hexes          | 3 |  3.2
Dodging        | |  2.4
Stealth        | |  2.4
Transmutations | |  1.1

Action                     |  1- 3 |  4- 6 || total
---------------------------+-------+-------++-------
  Melee: Rapier            |       |     2 ||     2
   Cast: Sandblast         |    36 |    75 ||   111
         Stone Arrow       |       |     1 ||     1
 Armour: Robe              |     3 |     5 ||     8
  Dodge: Dodged            |     5 |    12 ||    17

Table legend: (Time is in decaauts)
 A = Elapsed time spent in this place.
 B = Non-inter-level travel time spent in this place.
 C = Inter-level travel time spent in this place.
 D = Time resting spent in this place.
 E = Time spent auto-exploring this place.
 F = Levels seen in this place.
 G = Mean time per level.
                   A        B        C        D        E       F      G
               +--------+--------+--------+--------+--------+-----+--------+
         Total |   3294 |   3266 |     28 |      0 |   2774 |   4 |  823.5 |
       Dungeon |   3294 |   3266 |     28 |      0 |   2774 |   4 |  823.5 |
               +--------+--------+--------+--------+--------+-----+--------+

Top non-repeatable levels by time:
     D:1: 1189 daAuts
     D:3: 985 daAuts
     D:2: 728 daAuts
     D:4: 390 daAuts
